 Dungeon Crawl Stone Soup version 0.21.1-68-g103a7afc0a (webtiles) character file.

131 afka the Bolt Thrower (level 4, -2/38 HPs)
             Began as a Centaur Hunter on Aug 1, 2018.
             Slain by an orc
             ... wielding a +0 antimagic short sword
              (4 damage)
             ... on level 3 of the Dungeon.
             The game lasted 00:19:05 (2903 turns).

afka the Bolt Thrower (Centaur Hunter)              Turns: 2903, Time: 00:19:05

Health: -2/38      AC:  4    Str: 16    XL:     4   Next: 91%
Magic:  4/4        EV:  9    Int: 10    God:
Gold:   121        SH:  0    Dex:  9    Spells: 3/3 levels left

rFire    . . .     SeeInvis .   a - +1 hand crossbow
rCold    . . .     Gourm    .   (no shield)
rNeg     . . .     Faith    .   c - +0 leather armour
rPois    .         Spirit   .   (no helmet)
rElec    .         Reflect  .   (no cloak)
rCorr    .         Harm     .   (no gloves)
MR       .....                  (no barding)
Stlth    +.........             (no amulet)
HPRegen  0.12/turn              (no ring)
MPRegen  0.09/turn              (no ring)

@: very quick
A: large, hooves 3, deformed body, speed 2, tough skin 3
a: no special abilities


You were on level 3 of the Dungeon.
You were not hungry.

You visited 1 branch of the dungeon, and saw 3 of its levels.

You collected 121 gold pieces.

Inventory:

Hand Weapons
 a - a +1 hand crossbow (weapon)
 b - a +0 short sword
 g - a +0 club
 h - a +0 club
 i - a +0 club
 k - a +0 short sword
 l - a +0 short sword
 r - a +0 whip
 s - a +0 club
 u - a +0 spear of freezing
 v - a +0 club
 x - a +0 war axe
 z - a +0 short sword
Missiles
 d - 16 bolts (quivered)
 m - 182 stones
 t - 21 sling bullets
Armour
 c - a +0 leather armour (worn)
 q - a +0 plate armour
 w - a +0 cloak
Scrolls
 e - 4 scrolls of identify {unknown}
 j - a scroll of blinking {unknown}
 n - a scroll of immolation
 y - a scroll of enchant armour {unknown}
 B - 2 scrolls of teleportation {unknown}
 C - a scroll of magic mapping {unknown}
Potions
 o - a potion of heal wounds {unknown}
 p - a potion of mutation {unknown}
Comestibles
 f - 3 rations


   Skills:
 + Level 3.0 Fighting
 + Level 6.1 Crossbows
 + Level 0.5 Armour
 + Level 1.5 Dodging
 + Level 0.5 Stealth


You had 3 spell levels left.
You didn't know any spells.

Dungeon Overview and Level Annotations

Branches:
Dungeon (3/15)

Altars:
Zin

Annotations:
D:2 1 runed door


Innate Abilities, Weirdness & Mutations

You have hooves in place of feet.
Armour fits poorly on your strangely shaped body.
You cover ground very quickly.
You have extremely tough skin. (AC +3)


Message History

The orc hits you but does no damage.
The orc priest hits you but does no damage.
Unknown command.
Unknown command.
Unknown command.
Unknown command.
Unknown command.
Unknown command.
As you read the scroll labeled OCETOX YHEYLE, it crumbles to dust.
The creatures around you are filled with an inner flame!
It was a scroll of immolation.
The rat bites you but does no damage.
The orc hits you with an antimagic short sword.
* * * LOW HITPOINT WARNING * * *
The orc hits you with a flail.
* * * LOW HITPOINT WARNING * * *
You barely miss the orc.
The orc is severely wounded.
The orc priest barely misses you. The rat barely misses you.
The orc hits you with an antimagic short sword.
You die...

..##............(
#..#........ .(..
#......... .....
........##.(..#
####......#....
............(#
#....oro.(#.##
#.....@oo.(..#
##.<.....$....
##......###..
##..#..# .....##
..#.#.# ..##.#.#
... #.#.# ....
..#


You could see an orc priest (inner flame), 3 orcs and a rat (inner flame).

Vanquished Creatures
  A crimson imp (D:2)
  An iguana (D:2)
  An adder (D:3)
  A shadow imp (D:2)
  3 worms (D:2)
  A dart slug (D:1)
  A leopard gecko (D:3)
  An orc (D:3)
  5 bats (D:1)
  4 giant cockroaches
  5 hobgoblins
  7 kobolds
  A frilled lizard (D:1)
  7 goblins
  2 rats (D:2)
41 creatures vanquished.

Notes
Turn   | Place    | Note
-------+----------+-------------------------------------------
     0 | D:1      | afka the Centaur Hunter began the quest for the Orb.
     0 | D:1      | Reached XP level 1. HP: 17/17 MP: 1/1
   289 | D:1      | Reached XP level 2. HP: 24/24 MP: 2/2
   467 | D:1      | Reached skill level 5 in Crossbows
  1113 | D:1      | Reached XP level 3. HP: 29/29 MP: 3/3
  1698 | D:2      | Reached XP level 4. HP: 33/37 MP: 4/4
  1948 | D:2      | Reached skill level 6 in Crossbows
  2256 | D:2      | Found a glowing silver altar of Zin.
  2713 | D:2      | Found a runed door.
  2903 | D:3      | Slain by an orc

Skill      XL: |  1  2  3  4 |
---------------+-------------+-----
Crossbows      | 5 6 |  6.1
Fighting       | 3 |  3.0
Armour         | |  0.5
Dodging        | |  1.5
Stealth        | |  0.5

Action                   |  1- 3 |  4- 6 || total
-------------------------+-------+-------++-------
Melee: Hand crossbow     |    27 |     6 ||    33
       Kick              |     7 |       ||     7
 Fire: Hand crossbow     |    73 |    34 ||   107
  Use: Scroll            |       |     1 ||     1
  Eat: Ration            |     1 |       ||     1
       Chunk             |     1 |       ||     1
Armor: Leather armour    |    34 |    11 ||    45
Dodge: Dodged            |    21 |    15 ||    36
